 Dungeon Crawl Stone Soup version 0.29-a0-317-gd16b76e6b1 (webtiles) character file.

Game seed: 8729215574813522612

62 Dabor the Ruffian (level 4, -3/58 HPs)
             Began as a Naga Transmuter on Mar 31, 2022.
             Was an Initiate of Gozag.
             Slain by Sigmund
             ... wielding a +2 scythe of protection
              (6 damage)
             ... on level 1 of the Dungeon.
             The game lasted 00:02:58 (2809 turns).

Dabor the Ruffian (Naga Transmuter)                 Turns: 2809, Time: 00:02:58

Health: -3/58      AC: 22    Str: 14    XL:     4   Next: 8%
Magic:  6/7        EV:  1    Int: 13    God:    Gozag
Gold:   27         SH:  0    Dex: 12    Spells: 4/7 levels left

rFire   . . .      SeeInvis +     - Unarmed
rCold   . . .      Faith    .   (no shield)
rNeg    . . .      Spirit   .   (body armour currently unavailable)
rPois   +          Reflect  .   (helmet currently unavailable)
rElec   .          Harm     .   (cloak currently unavailable)
rCorr   .          Rampage  .   (gloves currently unavailable)
Will    .....      NoTele   +   (no barding)
Stlth   ++........              (no amulet)
HPRegen 0.19/turn               (no ring)
MPRegen 0.10/turn               (no ring)

@: tree-form
A: stationary, stasis, torment immunity, boosted hp, AC +1, large, see
invisible, (deformed body), (poison resistance), (slowness 2), spit poison 1,
(naga tail 1)
a: Spit Poison, Renounce Religion, Potion Petition, Call Merchant, Bribe Branch


You were on level 1 of the Dungeon.
You worshipped Gozag.
Gozag was noncommittal.
You were a tree.
You visited 1 branch of the dungeon, and saw 2 of its levels.

You collected 49 gold pieces.
You paid 22 gold pieces to Gozag.

Inventory:

Missiles
 e - 3 poisoned darts
 f - 4 boomerangs
Armour
 a - a +0 robe (melded)
 g - a +0 pair of gloves (melded)
 j - a +0 scale mail
Scrolls
 c - 2 scrolls of identify {unknown}
 h - a scroll of amnesia {unknown}
 i - a scroll of fear {unknown}


   Skills:
 * Level 1.8 Fighting
 * Level 2.0 Dodging
 + Level 1.2 Stealth
 * Level 3.4 Unarmed Combat
 * Level 2.4 Spellcasting
 * Level 2.4 Transmutations


You had 4 spell levels left.
You knew the following spells:

 Your Spells              Type           Power      Damage    Failure   Level
a - Beastly Appendage     Tmut           14%        N/A       9%          1
b - Wereblood             Tmut           7%         N/A       14%         2

Your spell library contained the following spells:

 Spells                   Type           Power      Damage    Failure   Level
 Spider Form              Tmut/Pois      4%         N/A       41%         3
 Ice Form                 Ice/Tmut       4%         N/A       82%         4


Dungeon Overview and Level Annotations

Branches:
Dungeon (2/15)

Altars:
Gozag

Annotations:
D:1 Sigmund


Innate Abilities, Weirdness & Mutations

You are a tree.
Your roots penetrate the ground, keeping you stationary.
You cannot be teleported.
You are immune to unholy pain and torment.
Your maximum health is greatly increased.
Your equipment is partially melded.
((Your serpentine skin is tough. (AC +1)))
You have supernaturally acute eyesight. (SInv)
((Armour fits poorly on your strangely shaped body.))
((Your system is resistant to poisons. (rPois)))
((You cover ground very slowly.))
You can spit poison.
((You have a snake-like lower body.))


Message History

Sigmund hits you with a +2 scythe of protection.
* * * LOW HITPOINT WARNING * * *
Really quaff the potion of lignification?
Your horns disappear.
You turn into a tree.
Your +0 pair of gloves melds into your body.
Your +0 robe melds into your body.
Your roots penetrate the ground.
The adder bites you but does no damage.
You smack Sigmund!
Sigmund is heavily wounded.
The adder bites you but does no damage.
Sigmund hits you with a +2 scythe of protection.
* * * LOW HITPOINT WARNING * * *
The adder bites you but does no damage.
You hit Sigmund but do no damage.
Sigmund is heavily wounded.
The adder bites you.
* * * LOW HITPOINT WARNING * * *
Sigmund points at you and mumbles some strange words.
The magic dart hits you but does no damage.
You hit Sigmund.
Sigmund is severely wounded.
The adder bites you but does no damage.
Sigmund hits you with a +2 scythe of protection.
* * * LOW HITPOINT WARNING * * *
You hit Sigmund.
Sigmund is almost dead.
The adder bites you but does no damage.
Press: ? - help, v - describe, . - travel
Here: Sigmund, wielding a +2 scythe of protection and wearing a +0 robe (almost dead, slightly transparent)
The floor, spattered with blood.
Unknown command.
Unknown command.
You completely miss Sigmund.
Sigmund is almost dead.
The adder bites you.
* * * LOW HITPOINT WARNING * * *
Sigmund hits you with a +2 scythe of protection.
You die...
Your body crumbles into a pile of gold.

#....###########.# #######
#.#### #.# #.....## #.#
####.#### #.....## #.#
#.......###....... #.#
###.....#........... #.#
##.#.@...#...#.....## ####.#
#......#####......... ..##.#
#..###...#...#.###### #.##.#
#..S♣@##.#.###.# #.##.#
#..##.##...###.# #.##.#
#..##..........#
#.##.########..#####...#####
#..................##.##
####.####......###.##.# #.#
#..##.## #.##.# #.# #..#..#
#.##.# #.# #..#.#####.##.#


You could see Sigmund (invisible) and an adder.

Vanquished Creatures
  Terence (D:2)
  A worm (D:2)
  A dart slug (D:1)
  A ball python (D:1)
  2 bats
  4 endoplasms
  2 giant cockroaches (D:1)
  A goblin (D:1)
  2 hobgoblins
  6 jackals (D:1)
  A kobold (D:1)
  A quokka (D:1)
  3 frilled lizards
  A rat (D:1)
27 creatures vanquished.

Notes
Turn   | Place    | Note
-------+----------+-------------------------------------------
     0 | D:1      | Dabor the Naga Transmuter began the quest for the Orb.
     0 | D:1      | Reached XP level 1. HP: 18/18 MP: 3/3
   341 | D:1      | Reached XP level 2. HP: 2/25 MP: 3/5
  2055 | D:1      | Reached XP level 3. HP: 31/31 MP: 6/6
  2314 | D:2      | Noticed Terence
  2323 | D:2      | Killed Terence
  2324 | D:2      | Reached skill level 1 in Stealth
  2646 | D:2      | Found an opulent altar of Gozag.
  2655 | D:2      | Reached XP level 4. HP: 25/39 MP: 5/7
  2660 | D:2      | Became a worshipper of Gozag Ym Sagoz the Greedy
  2780 | D:2      | Noticed Sigmund
  2785 | D:2      | Learned a level 2 spell: Wereblood
  2809 | D:1      | Slain by Sigmund

Illustrated notes

Levels and vault maps discovered:
D:1:      minmay_arrival_diagonal_passages, layout_loops_ring
D:2:      layout_rooms, basic_altar, shapermc_ecumenical_altar_ellora,
          uniq_terence, uniq_sigmund

Skill      XL: |  1  2  3 |
---------------+----------+-----
Dodging        | 2 |  2.0
Stealth        | 1 |  1.2
Fighting       | |  1.8
Unarmed Combat | |  3.4
Spellcasting   | |  2.4
Transmutations | |  2.4

Action                   |  1- 3 |  4- 6 || total
-------------------------+-------+-------++-------
Melee: Unarmed           |    80 |    15 ||    95
       Headbutt          |     9 |     1 ||    10
       Punch             |     1 |     1 ||     2
 Cast: Beastly Appendage |    16 |     4 ||    20
  Use: Potion            |       |     2 ||     2
 Stab: Sleeping          |     1 |       ||     1
Armor: Robe              |    10 |     9 ||    19
       Skin              |       |     6 ||     6
Dodge: Dodged            |    45 |    10 ||    55

Table legend: (Time is in decaauts)
 A = Elapsed time spent in this place.
 B = Non-inter-level travel time spent in this place.
 C = Inter-level travel time spent in this place.
 D = Time resting spent in this place.
 E = Time spent auto-exploring this place.
 F = Levels seen in this place.
 G = Mean time per level.
                   A        B        C        D        E       F      G
               +--------+--------+--------+--------+--------+-----+--------+
         Total |   3090 |   2939 |    151 |   1680 |    917 |   2 | 1545.0 |
       Dungeon |   3090 |   2939 |    151 |   1680 |    917 |   2 | 1545.0 |
               +--------+--------+--------+--------+--------+-----+--------+

Top non-repeatable levels by time:
     D:1: 2593 daAuts
     D:2: 496 daAuts
